 Dungeon Crawl Stone Soup version 0.18-a0-824-g47fe746 (webtiles) character file.

33563 JokEr the Martial Artist (level 13, -1/118 HPs)
             Began as an Octopode Transmuter on Dec 17, 2015.
             Was the Champion of Cheibriados.
             Slain by a killer bee (2 damage)
             ... on level 4 of the Lair of Beasts on Dec 18, 2015.
             The game lasted 01:15:26 (29456 turns).

JokEr the Martial Artist (Octopode Transmuter)     Turns: 29456, Time: 01:15:26

Health: -1/118     AC: 10    Str: 24    XL:     13   Next: 71%
Magic:  18/22      EV: 17    Int: 37    God:    Cheibriados [******]
Gold:   1015       SH:  3    Dex: 40    Spells: 3 memorised, 15 levels left

rFire  x . .     SeeInvis .       - Unarmed
rCold  + + +     Gourm    .     (shield currently unavailable)
rNeg   . . .     Faith    .     (helmet currently unavailable)
rPois  +         Spirit   .     J - +3 amulet of reflection
rElec  .         Dismiss  .     m - ring of sustain attributes
rCorr  .         Reflect  +     e - ring of protection from magic
SustAt +         Harm     .     I - +4 ring of dexterity
MR     +....                    w - ring of protection from cold
Stlth  ++++......               (no ring)
                                (no ring)
                                (no ring)
                                (no ring)

@: brilliant, agile, lethally poisoned (-1 -> -6), ice-form, very slow, somewhat
resistant to hostile enchantments, stealthy
A: almost no armour, amphibious, 8 rings, (constrict 8), (camouflage 0),
(gelatinous body 0)
a: End Transformation, Bend Time, Temporal Distortion, Slouch, Step From Time,
Renounce Religion


You were on level 4 of the Lair of Beasts.
You worshipped Cheibriados.
Cheibriados was exalted by your worship.
You were not hungry.
You were a creature of crystalline ice.
You visited 3 branches of the dungeon, and saw 16 of its levels.

You collected 1015 gold pieces.

Inventory:

Missiles
 a - 270 arrows
 i - 36 poisoned arrows
 O - 14 arrows of flame
Armour
 c - a +1 hat of see invisible (melded)
Jewellery
 e - a ring of protection from magic (right front paw)
 m - a ring of sustain attributes (left front paw)
 w - a ring of protection from cold (on tentacle)
 I - a +4 ring of dexterity (on tentacle)
 J - a +3 amulet of reflection (around neck)
Wands
 h - a wand of lightning (6)
 u - a wand of paralysis (8)
 x - a wand of fireball (8)
 y - a wand of frost (22)
 z - a wand of fireball (8)
 E - a wand of frost (28)
 F - a wand of random effects (23)
Scrolls
 d - a scroll of silence
 f - 4 scrolls of recharging
 k - 5 scrolls of magic mapping
 l - a scroll of identify
 o - 5 scrolls of amnesia
 q - 4 scrolls of enchant armour
 v - 4 scrolls of remove curse
Potions
 g - a potion of haste
 j - 2 potions of cancellation
 n - 4 potions of agility
 r - 3 potions of lignification
 B - a potion of berserk rage
 G - a potion of magic {unknown}
Books
 b - a book of Changes

   Spells                             Type                      Level
   a - Beastly Appendage              Transmutation                1
   b - Sticks to Snakes               Transmutation                2
   c - Spider Form                    Transmutation/Poison         3
   d - Ice Form                       Ice/Transmutation            4
   e - Blade Hands                    Transmutation                5
 N - a book of Power

   Spells                             Type                      Level
   a - Fulminant Prism                Conjuration/Hexes            4
   b - Iskenderun's Mystic Blast      Conjuration                  4
   c - Venom Bolt                     Conjuration/Poison           5
   d - Bolt of Magma                  Conjuration/Fire/Earth       5
   e - Iron Shot                      Conjuration/Earth            6
   f - Orb of Destruction             Conjuration                  7
   g - Spellforged Servitor           Conjuration/Summoning        7
Comestibles
 t - 4 meat rations
 D - 3 beef jerkies
 K - 10 fruits
 L - 2 bread rations


   Skills:
 + Level 13.2 Fighting
 - Level 2.0 Dodging
 + Level 13.4 Unarmed Combat
 + Level 6.5 Spellcasting
 - Level 9.2 Transmutations
 - Level 6.0 Ice Magic
 - Level 4.3 Evocations


You had 15 spell levels left.
You knew the following spells:

 Your Spells              Type           Power        Failure   Level  Hunger
a - Beastly Appendage     Trmt           ######       1%          1    None
b - Ice Form              Ice/Trmt       ######..     1%          4    #......
c - Blade Hands           Trmt           #######...   1%          5    ####...


Dungeon Overview and Level Annotations

Branches:
Dungeon (11/15)            Temple (1/1) D:6            Lair (4/8) D:11
  Swamp (0/4) Lair:3        Snake (0/4) Lair:4
    Orc: D:9-12

Altars:
Ashenzari
Cheibriados
Elyvilon
Kikubaaqudgha
Nemelex Xobeh
Okawaru
Pakellas
Qazlal
Sif Muna
Xom
Yredelemnul
Zin
The Shining One

Shops:
D:7 (   D:9 (   D:10 }   D:11 (


Innate Abilities, Weirdness & Mutations

You cannot wear most types of armour.
You are amphibious.
You can wear up to eight rings at the same time.
((You can use your tentacles to constrict eight enemies at once.))
((Your skin changes colour to match your surroundings (Stealth).))
((Your rubbery body absorbs attacks (AC +1).))


Message History

The killer bee closely misses you.
Casting: Ice Form
Confirm with . or Enter, or press ? or * to list all spells.
You turn into a creature of crystalline ice.
Your +1 hat of see invisible melds into your body.
You feel less perceptive.
You feel sick. The killer bee stings you.
* * * LOW HITPOINT WARNING * * *
The killer bee closely misses you. The killer bee misses you.
The killer bee stings you.
* * * LOW HITPOINT WARNING * * *
The killer bee misses you.
The killer bee stings you but does no damage.
The killer bee misses you. x2
The killer bee barely misses you. The killer bee completely misses you.
The killer bee misses you.
You barely miss the killer bee.
You feel sick. The killer bee stings you.
* * * LOW HITPOINT WARNING * * *
You block the killer bee's attack. The killer bee closely misses you.
The killer bee closely misses you. The killer bee stings you.
You die... ..........## ...........# ..........## ## ...........# #####. ...........# # ...... ...........# .# #P.. [..#.#.....# .%# ###. ##..##.yy## yy% ### ## #yyYy# yy

#.. #yyy##.## #.<
#.yyy†..### ### #..
#...y....##.##.####..
).......#..#.......#...
..............#....##...
#..##....+.⌠.......#....
### ######.....##.##...#
#.....#.#....#


You could see 12 killer bees.

Vanquished Creatures
  Gastronok (D:10)
  Maud (D:10)
  The ghost of Raultor the Carver, a journeyman DsFi of Qazlal (Lair:3)
  2 hydras (Lair:4)
  Urug (Lair:2)
  4 hill giants (D:11)
  2 ugly things (D:11)
  4 elephants (Lair:4)
  3 black mambas
  5 spiny frogs
  The ghost of Protee the Destroyer, a novice TeCj of Vehumet (D:6)
  2 komodo dragons (Lair:3)
  2 trolls
  8 blink frogs
  A queen bee (Lair:4)
  2 wyverns
  3 basilisks
  2 wraiths (D:11)
  27 yaks
  2 hungry ghosts
  6 hippogriffs
  Grum (D:10)
  3 nagas (Lair:4)
  6 wolves
  2 orc warriors
  9 porcupines
  9 water moccasins
  3 ice beasts
  Duvessa (D:7)
  A necrophage (D:5)
  A swamp drake (Lair:3)
  7 sky beasts
  A phantom (D:5)
  6 ogres
  9 crocodiles
  9 centaurs
  11 big kobolds
  A gnoll sergeant (D:8)
  11 giant frogs
  A wyvern skeleton (D:7)
  Dowan (D:7)
  7 scorpions
  10 killer bees
  2 vampire bats (D:7)
  13 wights
  5 electric eels
  7 crimson imps
  2 centaur zombies
  6 orc priests
  2 giant frog skeletons
  A jelly (D:9)
  19 orc wizards
  A centaur skeleton (D:10)
  13 worker ants
  6 hell rats (Lair:3)
  9 hounds
  22 iguanas
  6 sheep (Lair:4)
  A killer bee zombie (D:11)
  A hound zombie (D:10)
  A worker ant zombie (D:8)
  Robin (D:2)
  15 gnolls
  16 adders
  28 river rats
  2 shadow imps
  An ooze (D:1)
  2 adder skeletons
  5 worms
  49 orcs
  3 ball pythons
  12 bats
  2 bat skeletons (D:7)
  2 bat zombies (D:7)
  9 giant cockroaches
  11 goblins
  10 hobgoblins
  23 jackals
  47 kobolds
  8 quokkas
  A ball python zombie (D:5)
  16 giant geckos
  A giant gecko skeleton (D:5)
  2 giant gecko zombies
  5 giant newts
  A jackal skeleton (D:6)
  A jackal zombie (D:5)
  9 rats
  A spectral orc (D:8)
590 creatures vanquished.

Vanquished Creatures (others)
  A quokka (D:9)
  11 fungi
  2 plants
14 creatures vanquished.

Grand Total: 604 creatures vanquished

Notes
Turn   | Place    | Note
--------------------------------------------------------------
     0 | D:1      | JokEr the Octopode Transmuter began the quest for the Orb.
     0 | D:1      | Reached XP level 1. HP: 13/13 MP: 3/3
   133 | D:1      | Reached XP level 2. HP: 18/18 MP: 3/5
   905 | D:1      | Reached XP level 3. HP: 16/23 MP: 6/6
  1870 | D:2      | Reached XP level 4. HP: 22/29 MP: 5/7
  2059 | D:2      | Noticed Robin
  2140 | D:2      | Killed Robin
  2541 | D:2      | Found a shattered altar of Ashenzari.
  2798 | D:2      | Reached skill level 4 in Unarmed Combat
  3145 | D:2      | Reached XP level 5. HP: 29/35 MP: 6/8
  3167 | D:2      | Learned a level 4 spell: Ice Form
  3844 | D:3      | Reached skill level 1 in Ice Magic
  4408 | D:4      | Reached XP level 6. HP: 37/42 MP: 7/9
  5221 | D:4      | Reached skill level 5 in Unarmed Combat
  5265 | D:4      | Reached XP level 7. HP: 45/47 MP: 8/10
  6709 | D:4      | Paralysed by an orc for 2 turns
  6712 | D:4      | Paralysed by an orc for 2 turns
  7199 | D:5      | Entered Level 5 of the Dungeon
  7497 | D:5      | Noticed a wyvern
  7516 | D:4      | HP: 2/58 [wyvern (15)]
  7517 | D:4      | Killed a wyvern
  7517 | D:4      | Reached skill level 5 in Fighting
  7517 | D:4      | Reached skill level 6 in Unarmed Combat
  7517 | D:4      | Reached XP level 8. HP: 2/55 MP: 6/11
  9489 | D:5      | Reached skill level 5 in Ice Magic
  9695 | D:5      | Reached skill level 7 in Unarmed Combat
 10203 | D:5      | Reached XP level 9. HP: 62/62 MP: 3/12
 10777 | D:5      | Found a glowing golden altar of the Shining One.
 11303 | D:6      | Reached skill level 5 in Transmutations
 11501 | D:6      | Noticed Protee's ghost (novice TeCj)
 11716 | D:6      | Killed Protee's ghost
 11716 | D:6      | Reached skill level 8 in Unarmed Combat
 11922 | D:6      | You fall through a shaft for 2 floors!
 12145 | D:8      | Reached XP level 10. HP: 67/71 MP: 9/13
 12759 | D:8      | Reached skill level 9 in Unarmed Combat
 12824 | D:7      | Found an iron altar of Okawaru.
 13074 | D:7      | Found an ancient bone altar of Kikubaaqudgha.
 13490 | D:6      | Learned a level 5 spell: Blade Hands
 13506 | D:6      | Found a glowing golden altar of the Shining One.
 13565 | D:6      | Found a sparkling altar of Nemelex Xobeh.
 14039 | D:6      | Found a staircase to the Ecumenical Temple.
 14074 | Temple   | Entered the Ecumenical Temple
 14086 | Temple   | Became a worshipper of Cheibriados the Contemplative
 14228 | D:7      | Noticed Duvessa
 14228 | D:7      | Noticed Dowan
 14434 | D:7      | Killed Duvessa
 14440 | D:7      | Killed Dowan
 14523 | D:7      | Found Napsys's Weapon Shop.
 14793 | D:8      | Found a basalt altar of Yredelemnul.
 14798 | D:8      | Reached * piety under Cheibriados
 15357 | D:8      | Reached ** piety under Cheibriados
 15789 | D:9      | Found Gef Car's Antique Weapon Emporium.
 15874 | D:9      | Reached skill level 10 in Unarmed Combat
 16176 | D:9      | Found a white marble altar of Elyvilon.
 16334 | D:9      | Reached XP level 11. HP: 80/80 MP: 6/14
 16425 | D:9      | Found an oddly glowing altar of Pakellas.
 17146 | D:10     | Entered Level 10 of the Dungeon
 17146 | D:10     | Noticed Gastronok
 17403 | D:10     | Killed Gastronok
 17403 | D:10     | Reached skill level 10 in Fighting
 17427 | D:10     | Noticed Grum
 17445 | D:9      | Reached *** piety under Cheibriados
 17724 | D:10     | Killed Grum
 18159 | D:10     | Found Doshrit's Gadget Emporium.
 18277 | D:10     | Noticed Maud
 18288 | D:10     | Killed Maud
 18426 | D:10     | Reached skill level 11 in Unarmed Combat
 19101 | D:10     | Noticed a hill giant
 19130 | D:10     | Reached **** piety under Cheibriados
 19652 | D:11     | Found a staircase to the Lair.
 20177 | D:11     | Reached ***** piety under Cheibriados
 20253 | D:11     | Reached XP level 12. HP: 89/89 MP: 11/15
 21118 | D:11     | Found Meddol's Weapon Boutique.
 21896 | Lair:1   | Entered Level 1 of the Lair of Beasts
 22043 | Lair:1   | Reached skill level 12 in Unarmed Combat
 22050 | Lair:1   | Found a shimmering altar of Xom.
 22428 | Lair:1   | Reached skill level 5 in Spellcasting
 22553 | Lair:1   | Reached ****** piety under Cheibriados
 23300 | Lair:2   | Noticed Urug
 23917 | Lair:2   | Killed Urug
 24184 | Lair:2   | Reached XP level 13. HP: 97/97 MP: 20/22
 24839 | Lair:3   | Noticed Raultor's ghost (journeyman DsFi)
 24888 | Lair:3   | Killed Raultor's ghost
 25751 | Lair:3   | Found a staircase to the Swamp.
 26662 | Lair:3   | Reached skill level 1 in Evocations
 27579 | Lair:3   | Reached skill level 13 in Unarmed Combat
 28397 | Lair:4   | Found a staircase to the Snake Pit.
 29456 | Lair:4   | HP: 1/118 [killer bee (6)]
 29456 | Lair:4   | Slain by a killer bee

Vault maps used:
D:1:      sevenhm_arrival_forest_fort_small_6
D:2:      overflow_temple_1_default, uniq_robin
D:3:      first_bread, st_stairs_3, grunt_decor_cap
D:5:      kennysheep_windowed_halls, tso_altar, lexackson_kobold_supper
D:6:      nemelex_altar_shiori, minmay_temple_entry_nine_rooms, basic_altar,
          grunt_ministairs_6
D:7:      kennysheep_vampire_church, serial_shops, nicolae_shop_trees,
          okawaru_trees_2, uniq_duvessa
D:8:      old_forge, yredelemnul_forgotten_temple_becter, special_room
D:9:      lemuel_crystal_altar, elyvilon_altar_4, serial_shops,
          nicolae_shop_stone
D:10:     serial_shops, shop, hangedman_little_slice_of_home,
          kennysheep_generic_room_4, uniq_grum, uniq_maud, uniq_gastronok
D:11:     erik_lair_island, serial_shops, shop
Temple:   nicolae_temple_god_jail
Lair:1:   basic_altar
Lair:2:   grunt_megastairs_3, uniq_urug
Lair:3:   swamp_mist, lemuel_fruit_fields, serial_bayou_shore_a
Lair:4:   lemuel_slime, guppyfry_snake_entry_island, special_room,
          lemuel_fruit_tree, lemuel_fruit_fields, grunt_megastairs_4

Action                   |  1- 3 |  4- 6 |  7- 9 | 10-12 | 13-15 || total
-------------------------+-------+-------+-------+-------+-------++-------
Melee: Unarmed           |    79 |   162 |   401 |   669 |   248 ||  1559
 Cast: Beastly Appendage |    16 |    40 |    45 |       |       ||   101
       Ice Form          |       |       |    14 |    86 |    37 ||   137
  Use: Scroll            |     3 |     7 |     8 |    12 |    13 ||    43
       Potion            |       |     2 |     2 |    13 |    10 ||    27
 Stab: Sleeping          |     5 |     5 |     5 |     8 |     2 ||    25
       Distracted        |       |       |       |     3 |     1 ||     4
       Invisible         |       |       |       |     3 |     4 ||     7
  Eat: Chunk             |     3 |    10 |     6 |    22 |     4 ||    45
       Bread ration      |       |     1 |     3 |       |       ||     4
       Royal jelly       |       |       |     1 |       |       ||     1
       Pizza             |       |       |     1 |       |       ||     1
       Beef jerky        |       |       |     1 |     1 |       ||     2
       Meat ration       |       |       |       |     4 |     1 ||     5
       Fruit             |       |       |       |       |     1 ||     1
